AoeStats
← TikiRat420

Oasis

507421878Analyzed
2v2 RM · 13d ago on Sep 18, 2026· 68m 47s· 4 players
Game mode
Random Map
Map size
Medium (4 player)
Population
200
Speed
Normal
Resources
Standard
Victory
Conquest
Starting age
Dark Age
Ending age
Imperial Age
RankedLock teamsTeams togetherTeam positionsShared explorationLock speedFull tech treeHidden civsTurbo modeCheats
Victory
Defeat
🇺🇸 Hindustanis · United States
1091
+16
🇺🇸 Magyars · United States
1038
+17
🇬🇧 Bohemians · United Kingdom
1094
-17
🇦🇺 Khmer · Australia
1067
-16
trashdog
6:13 Loom
10:03 Feudal Age
15:22 Bloodlines
18:04 Double-Bit Axe
18:16 Horse Collar
21:19 Fletching
21:31 Padded Archer Armor
23:56 Castle Age
22:22 Fletching
22:33 Padded Archer Armor
24:04 Scale Barding Armor
25:31 Bodkin Arrow
25:53 Leather Archer Armor
26:00 Gold Mining
26:48 Husbandry
26:09 Light Cavalry
29:39 Scale Mail Armor
33:27 Ballistics
33:04 Pikeman
38:00 Tusk Swords
50:24 Chain Barding Armor
50:17 Forging
54:50 Imperial Age
55:13 Halberdier
64:19 Man-at-Arms
GuptaTheFigher
12:38 Feudal Age
16:18 Castle Age
14:49 Double-Bit Axe
19:25 Bow Saw
23:26 Loom
23:26 Town Watch
24:51 Fervor
27:02 Redemption
29:11 Wheelbarrow
32:47 Imperial Age
32:53 Hand Cart
32:31 Fletching
32:42 Padded Archer Armor
33:50 Bodkin Arrow
34:10 Leather Archer Armor
34:30 Conscription
34:06 Crossbowman
35:08 Siege Engineers
36:04 Chemistry
35:24 Ballistics
35:06 Arbalester
36:07 Masonry
36:26 Bracer
38:14 Houfnice
39:46 Pikeman
40:18 Treadmill Crane
41:08 Architecture
40:52 Fortified Wall
40:38 Murder Holes
42:02 Wagenburg Tactics
42:44 Ring Archer Armor
48:11 Two-Man Saw
47:14 Town Patrol
61:27 Halberdier
62:38 Scale Mail Armor
62:48 Forging
64:43 Elite Hussite Wagon
FreakyZ
3:27 Loom
11:39 Feudal Age
15:52 Castle Age
14:19 Double-Bit Axe
14:56 Horse Collar
15:28 Gold Mining
16:53 Bow Saw
18:54 Heavy Plow
20:24 Bloodlines
21:02 Town Watch
21:57 Husbandry
26:43 Stone Mining
27:52 Wheelbarrow
30:42 Hand Cart
30:28 Town Patrol
31:00 Fletching
31:21 Forging
31:16 Scale Barding Armor
31:24 Light Cavalry
33:24 Ballistics
33:16 Masonry
34:00 Elite Skirmisher
34:45 Thumb Ring
40:57 Imperial Age
38:31 Bodkin Arrow
38:37 Padded Archer Armor
39:13 Iron Casting
40:09 Gold Shaft Mining
40:43 Chain Barding Armor
40:39 Leather Archer Armor
40:29 Murder Holes
42:59 Blast Furnace
42:00 Bracer
41:38 Heavy Camel Rider
42:26 Hussar
45:34 Two-Man Saw
46:14 Chemistry
54:42 Plate Barding Armor
56:14 Ring Archer Armor
64:55 Conscription
TikiRat420
8:36 Loom
11:06 Feudal Age
11:50 Double-Bit Axe
23:07 Castle Age
22:12 Bloodlines
22:08 Gold Mining
22:29 Scale Barding Armor
26:26 Padded Archer Armor
27:44 Chain Barding Armor
27:39 Elite Skirmisher
30:50 Leather Archer Armor
30:25 Fletching
33:29 Wheelbarrow
38:24 Ballistics
47:04 Imperial Age
48:13 Cavalier
51:34 Paladin
55:47 Scale Mail Armor
56:24 Plate Barding Armor
58:23 Ring Archer Armor
62:58 Light Cavalry
Connection lost

Rejoining the realm…

Still unreachable

The connection could not be restored.

Session expired

The server has moved on; the page needs a fresh start.